 Dungeon Crawl Stone Soup version 0.32-a0-520-g344ed53f66 (webtiles) character file.

Game seed: 17119959331372661992

53 runemasterragnar the Shooter (level 3, -1/42 HPs)
             Began as a Coglin Hunter on Feb 27, 2024.
             Slain by a gnoll
             ... wielding a +0 spear
              (3 damage)
             ... on level 2 of the Dungeon.
             The game lasted 00:01:06 (1324 turns).

runemasterragnar the Shooter (Coglin Hunter)        Turns: 1324, Time: 00:01:06

Health: -1/42      AC:  3    Str: 11    XL:     3   Next: 87%
Magic:  3/3        EV: 12    Int:  8    God:
Gold:   92         SH:  0    Dex: 19    Spells: 2/2 levels left

rFire   . . .        a - +0 shortbow {Zorawar}
rCold   . . .        (shield currently unavailable)
rNeg    . . .        c - +0 leather armour
rPois   .            (no helmet)
rElec   .            (no cloak)
rCorr   .            (no gloves)
SInv    .            (no boots)
Will    .....        (no amulet) Stlth
                     (ring unavailable)
HPRegen 0.27/turn    (ring unavailable)
MPRegen 0.08/turn

%: no passive effects
@: berserking, revved, very quick
A: off-hand wielding, slow wielding, warmup strikes, no rings
a: no special abilities


You were on level 2 of the Dungeon.
You visited 1 branch of the dungeon, and saw 2 of its levels.

You collected 92 gold pieces.

Inventory:

Hand Weapons
 a - a +0 shortbow (weapon) {Zorawar}
Armour
 c - a +0 leather armour (worn)
Talismans
 d - a beast talisman
Scrolls
 b - a scroll of butterflies
 f - a scroll of revelation


   Skills:
 + Level 2.8 Fighting
 * Level 4.5 Ranged Weapons
 - Level 1.7 Dodging
 - Level 0.7 Stealth


You had 2 spell levels left.
You didn't know any spells.
Your spell library was empty.

Dungeon Overview and Level Annotations

Branches:
Dungeon (2/15)

Altars:


Innate Abilities, Weirdness & Mutations

You can wield a second weapon in your off-hand.
It takes a long time for you to wield or remove held weapons.
Your first few attacks do less damage.
Your grasper-arms cannot wear rings.


Message History

Unknown command.
Unknown command.
Fire: a) +0 shortbow {Zorawar}
Press: ? - help, Q - select action Shift-Dir - straight line, f/p - gnoll
Aim: a gnoll, wielding a +2 flail of protection (68% to hit)
You shoot an arrow.
The arrow hits the gnoll but does no damage.
The gnoll hits you but does no damage.
The gnoll hits you from afar with a +0 spear.
The gnoll misses you. The gnoll barely misses you.
Unknown command.
Fire: a) +0 shortbow {Zorawar}
Press: ? - help, Q - select action Shift-Dir - straight line, f/p - gnoll
Aim: a gnoll, wielding a +2 flail of protection (68% to hit)
You shoot an arrow.
The arrow hits the gnoll but does no damage.
The gnoll barely misses you. The gnoll closely misses you.
Unknown command.
Unknown command.
Fire: a) +0 shortbow {Zorawar}
Press: ? - help, Q - select action Shift-Dir - straight line, f/p - gnoll
Aim: a gnoll, wielding a +2 flail of protection (68% to hit)
You shoot an arrow.
The arrow hits the gnoll but does no damage.
The gnoll hits you with a +2 flail of protection!
* * * LOW HITPOINT WARNING * * *
The gnoll completely misses you.
Unknown command.
It was a potion of berserk rage.
A red film seems to cover your vision as you go berserk!
You feel yourself moving faster!
You feel mighty! The gnoll closely misses you.
The gnoll hits you from afar with a +0 spear!
* * * LOW HITPOINT WARNING * * *
You closely miss the gnoll. The gnoll closely misses you.
The gnoll hits you from afar with a +0 spear.
* * * LOW HITPOINT WARNING * * *
You clumsily bash the gnoll but do no damage.
The gnoll barely misses you.
The gnoll hits you from afar with a +0 spear.
You die...

###### * #....# * #....# *
*######### ####....###
*........###########....###
*........'................#
**........#############....#
*,>.......'.# *.......#....#
*,........#@# *.......#....#
*,........#g# *.......#....#
*,.......^#g##*$......#....#
*,..†#+####g.##............'
**###*,* ##..#....#...#####
*,* ##......#...#####
*,*****##)........#####
*,<,,,,,..........#####
**+*****#........#######


You could see 3 gnolls.

Vanquished Creatures
  A gnoll (D:2)
  An adder (D:2)
  2 dart slugs (D:1)
  An endoplasm (D:1)
  3 giant cockroaches
  2 goblins (D:1)
  6 hobgoblins
  A quokka (D:1)
  5 ball pythons
  2 bats (D:1)
  A frilled lizard (D:2)
  2 kobolds (D:1)
  3 rats (D:1)
30 creatures vanquished.

Notes
Turn   | Place    | Note
-------+----------+-------------------------------------------
     0 | D:1      | runemasterragnar the Coglin Hunter began the quest for the
                  | Orb.
     0 | D:1      | Reached XP level 1. HP: 16/16 MP: 1/1
   185 | D:1      | Reached XP level 2. HP: 22/22 MP: 2/2
   341 | D:1      | Reached skill level 4 in Ranged Weapons
   643 | D:1      | Reached XP level 3. HP: 25/28 MP: 3/3
  1270 | D:2      | Found a faded altar of an unknown god.
  1322 | D:2      | HP: 2/42 [gnoll/+0 spear (8)]
  1324 | D:2      | Slain by a gnoll

Illustrated notes

Levels and vault maps discovered:
D:1:      dpeg_arrival_snail, layout_loops_ring, minmay_misc_feat_ornament,
          patterned_corridor
D:2:      layout_basic, shapermc_ecumenical_altar_pompeii,
          corexii_hall_statues_s, uniq_terence

Skill      XL: |  1  2 |
---------------+-------+-----
Ranged Weapons | 4 |  4.5
Fighting       | |  2.8
Dodging        | |  1.7
Stealth        | |  0.7

Action                     || total
---------------------------++-------
  Melee: Shortbow          ||     2
   Fire: Shortbow          ||   109
    Use: Potion            ||     2
         Scroll            ||     1
 Armour: Leather armour    ||    32
  Dodge: Dodged            ||    42

Table legend: (Time is in decaauts)
 A = Elapsed time spent in this place.
 B = Non-inter-level travel time spent in this place.
 C = Inter-level travel time spent in this place.
 D = Time resting spent in this place.
 E = Time spent auto-exploring this place.
 F = Levels seen in this place.
 G = Mean time per level.
                   A        B        C        D        E       F      G
               +--------+--------+--------+--------+--------+-----+--------+
         Total |   1349 |   1198 |    151 |      0 |   1009 |   2 |  674.5 |
       Dungeon |   1349 |   1198 |    151 |      0 |   1009 |   2 |  674.5 |
               +--------+--------+--------+--------+--------+-----+--------+

Top non-repeatable levels by time:
     D:1: 1110 daAuts
     D:2: 239 daAuts
